 Dungeon Crawl Stone Soup version 0.31.0-11-ge490571c62 (webtiles) character file.

Game seed: 14420199130182961773

108 hawla the Shield-Bearer (level 4, -3/40 HPs)
             Began as a Minotaur Fighter on Feb 5, 2024.
             Slain by a gnoll
             ... wielding a +0 halberd
              (7 damage)
             ... on level 2 of the Dungeon.
             The game lasted 00:04:12 (1001 turns).

hawla the Shield-Bearer (Minotaur Fighter)          Turns: 1001, Time: 00:04:13

Health: -3/40      AC:  7    Str: 23    XL:     4   Next: 58%
Magic:  3/3        EV: 10    Int:  5    God:
Gold:   81         SH:  4    Dex:  9    Spells: 3/3 levels left

rFire   . . .        a - +0 war axe
rCold   . . .        c - +0 buckler
rNeg    . . .        b - +0 scale mail
rPois   .            (helmet restricted)
rElec   .            (no cloak)
rCorr   .            (no gloves)
SInv    .            (no boots)
Will    .....        (no amulet) Stlth
                     (no ring)
HPRegen 0.26/turn    (no ring)
MPRegen 0.08/turn

%: no passive effects
@: no status effects
A: horns 2, retaliatory headbutt
a: no special abilities


You were on level 2 of the Dungeon.
You visited 1 branch of the dungeon, and saw 2 of its levels.

You collected 81 gold pieces.

Inventory:

Hand Weapons
 a - a +0 war axe (weapon)
Armour
 b - a +0 scale mail (worn)
 c - a +0 buckler (worn)
Jewellery
 i - a +4 ring of protection
 l - a ring of positive energy
 n - a ring of ice
Scrolls
 e - a scroll of identify
 h - a scroll of revelation {unknown}
 j - a scroll of enchant armour {unknown}
 m - a scroll of torment {unknown}
 o - a scroll of blinking {unknown}
Potions
 d - a potion of might
 f - a potion of invisibility
 k - a potion of enlightenment {unknown}


   Skills:
 - Level 4.0 Fighting
 - Level 3.0 Axes
 - Level 4.0 Armour
 + Level 2.3 Dodging
 - Level 5.0 Shields


You had 3 spell levels left.
You didn't know any spells.
Your spell library was empty.

Dungeon Overview and Level Annotations

Branches:
Dungeon (2/15)

Altars:


Innate Abilities, Weirdness & Mutations

You have a pair of horns on your head.
You reflexively headbutt those who attack you in melee.


Message History

The goblin shouts!
The hobgoblin hits you but does no damage.
You slash the hobgoblin!
You kill the hobgoblin!
The gnoll hits you from afar with a +0 halberd.
You block the gnoll's attack. The gnoll hits you but does no damage.
A gnoll comes into view. It is wielding a +0 spear.
You see here a hobgoblin corpse.
You barely miss the gnoll.
You headbutt the gnoll, but do no damage.
The gnoll hits you but does no damage. The gnoll hits you with a +0 halberd.
You barely miss the gnoll. The gnoll barely misses you.
The gnoll hits you with a +0 halberd. You block the gnoll's attack.
The gnoll closely misses you.
You barely miss the gnoll. The gnoll hits you with a +0 halberd.
The gnoll hits you from afar with a +0 spear.
Unknown command.
As you read the scroll labelled YPHINN YXZERE, it crumbles to dust.
It is a scroll of identify.
f - 2 potions of invisibility The gnoll closely misses you.
You furiously retaliate!
You headbutt the gnoll! The gnoll hits you but does no damage.
You fade into invisibility!
The gnoll hits you from afar with a +0 spear.
The gnoll hits you with a +0 halberd!
* * * LOW HITPOINT WARNING * * *
You closely miss the gnoll.
The gnoll is severely wounded.
The gnoll hits you with a +0 halberd.
* * * LOW HITPOINT WARNING * * *
You hit the gnoll.
The gnoll is almost dead.
You block the goblin's attack. The gnoll hits you with a +0 halberd.
* * * LOW HITPOINT WARNING * * *
It was a potion of cancellation.
Your magical effects are unravelling.
You feel magically purged.
You flicker back into view.
The gnoll hits you with a +0 halberd!
You die...

##..÷.< ... ##......
... ###....#.. ....
#....#.### .....
##.#.##.# ..<.g#
#..#.##.# .....g#
###.##.##.# ......g###
#...#..##.#
#g@.###.#...##..#
###.#...#.###..##
#.†..#..# #.##
.............###>#####
..........#..........#
.....(....#...........
.<....................
.....................#
..........#........†.#


You could see 3 gnolls and a goblin.

Vanquished Creatures
  Terence (D:2)
  Robin (D:2)
  2 adders (D:2)
  2 dart slugs
  5 ball pythons
  3 endoplasms
  3 giant cockroaches
  10 goblins
  7 hobgoblins
  2 kobolds (D:1)
  3 quokkas (D:1)
  4 bats
  A frilled lizard (D:1)
  3 rats (D:1)
47 creatures vanquished.

Notes
Turn   | Place    | Note
-------+----------+-------------------------------------------
     0 | D:1      | hawla the Minotaur Fighter began the quest for the Orb.
     0 | D:1      | Reached XP level 1. HP: 19/19 MP: 0/0
   152 | D:1      | Reached XP level 2. HP: 25/27 MP: 1/1
   389 | D:1      | Reached skill level 4 in Shields
   750 | D:2      | Reached XP level 3. HP: 31/33 MP: 2/2
   851 | D:2      | Noticed Robin
   858 | D:2      | Killed Robin
   859 | D:2      | Reached skill level 5 in Shields
   859 | D:2      | Reached XP level 4. HP: 30/40 MP: 3/3
   860 | D:2      | Reached skill level 1 in Dodging
   911 | D:2      | Noticed Terence
   924 | D:2      | Killed Terence
  1001 | D:2      | Slain by a gnoll

Illustrated notes

Levels and vault maps discovered:
D:1:      heliophobic_arrival_enchanted_forest, layout_loops_ring,
          serial_bayou_pond_d, kennysheep_another_room
D:2:      layout_rooms, minmay_tetromino_i2, uniq_robin, uniq_terence

Skill      XL: |  1  2  3  4 |
---------------+-------------+-----
Fighting       | 4 |  4.0
Armour         | 4 |  4.0
Shields        | 4 5 |  5.0
Axes           | 3 |  3.0
Dodging        | 2 |  2.3

Action                     |  1- 3 |  4- 6 || total
---------------------------+-------+-------++-------
  Melee: War axe           |    59 |    25 ||    84
         Headbutt          |     8 |     5 ||    13
    Use: Potion            |       |     2 ||     2
         Scroll            |       |     1 ||     1
 Armour: Scale mail        |    45 |    32 ||    77
  Dodge: Dodged            |    34 |    12 ||    46
  Block: Buckler           |    16 |     7 ||    23
